 Dungeon Crawl Stone Soup version 0.30-a0-959-g3818848631 (webtiles) character file.

Game seed: 16731455275831438811

94924 Ijustatesigmund the Eclecticist (level 15, -6/82 HPs)
             Began as a Deep Elf Conjurer on Mar 30, 2023.
             Was the Champion of Cheibriados.
             Killed from afar by a deep elf pyromancer (35 damage)
             ... with a bolt of fire
             ... on level 1 of the Elven Halls.
             The game lasted 01:53:04 (39830 turns).

Ijustatesigmund the Eclecticist (DECj)             Turns: 39830, Time: 01:53:05

Health: -6/82      AC: 15    Str: 19    XL:     15   Next: 64%
Magic:  31/37      EV: 25    Int: 55    God:    Cheibriados [******]
Gold:   600        SH:  5    Dex: 30    Spells: 29/47 levels left

rFire   . . .      SeeInvis .    B - +0 arbalest
rCold   . . .      Faith    .    (shield currently unavailable)
rNeg    . . .      Spirit   .    I - +0 acid dragon scales
rPois   .          Reflect  +    z - +1 helmet
rElec   .          Rampage  .    D - +1 cloak {Will+}
rCorr   +                        d - +3 pair of gauntlets of War {Slay+5}
Will    ++...                    (no boots)
Stlth   +++                      r - amulet "Giajaor" {Reflect Int+5 SH+5 Stlth-}
HPRegen 0.33/turn                o - +6 ring of intelligence
MPRegen 0.25/turn                H - +5 ring of evasion

@: studying Invocations, very slow
A: no striking features
a: Renounce Religion, Bend Time, Temporal Distortion, Slouch, Step From Time


You were on level 1 of the Elven Halls.
You worshipped Cheibriados.
Cheibriados was exalted by your worship.
You visited 5 branches of the dungeon, and saw 23 of its levels.
You also visited: Sewer and Ice Cave.

You collected 2601 gold pieces.
You spent 2001 gold pieces at shops.

Inventory:

Hand Weapons
 n - a +1 shortbow
 B - a +0 arbalest (weapon)
 V - the +4 hand axe "Belyiw" {elec, rElec}
   (You found it on level 3 of the Lair of Beasts)

   rElec:     It insulates you from electricity.
Missiles
 i - 7 throwing nets
Armour
 d - the +3 pair of gauntlets of War (worn) {Slay+5}
   (You acquired it on level 2 of the Orcish Mines)

   Slay:      It affects your accuracy & damage with ranged weapons and melee
   (+5).
 z - a +1 helmet (worn)
 D - a +1 cloak of willpower (worn)
 I - +0 acid dragon scales (worn)
 M - a +1 buckler of resistance
 P - a +1 cloak of cold resistance
 S - a scarf of resistance
Jewellery
 l - an amulet of regeneration
 o - a +6 ring of intelligence (left hand)
 r - the amulet "Giajaor" (around neck) {Reflect Int+5 SH+5 Stlth-}
   (You found it on level 3 of the Dungeon)

   [amulet of reflection]

   It reflects blocked missile attacks.
   Int:       It affects your intelligence (+5).
   SH:        It affects your SH (+5).
   Stlth:     It makes you less stealthy.
 A - a ring of ice
 H - a +5 ring of evasion (right hand)
 L - a ring of ice
Wands
 u - a wand of flame (32)
 v - a wand of digging (6)
 E - a wand of iceblast (21)
 K - a wand of mindburst (5)
 N - a wand of light (6)
 R - a wand of polymorph (7)
Scrolls
 f - 3 scrolls of magic mapping
 s - 2 scrolls of noise
 w - 2 scrolls of immolation
 x - 7 scrolls of teleportation
 C - 2 scrolls of poison
 G - 4 scrolls of amnesia
 O - 3 scrolls of torment
 Q - a scroll of blinking
 U - 3 scrolls of identify
 X - a scroll of fog
 Y - a scroll of fear
Potions
 b - 2 potions of magic
 c - a potion of ambrosia
 e - a potion of flight
 g - 3 potions of brilliance
 h - a potion of cancellation
 j - 2 potions of attraction
 k - 3 potions of might
 m - 5 potions of curing
 p - 3 potions of lignification
 q - 10 potions of heal wounds
 t - 2 potions of mutation
 J - a potion of invisibility
 T - a potion of resistance


   Skills:
 - Level 5.2 Fighting
 - Level 10.2 Ranged Weapons
 - Level 4.8 Armour
 - Level 8.5 Dodging
 - Level 5.7 Stealth
 + Level 16.9 Spellcasting
 + Level 13.5 Conjurations
 - Level 8.7 Translocations
 - Level 6.6 Fire Magic
 - Level 4.3 Ice Magic
 - Level 6.0 Air Magic
 + Level 13.4 Invocations
 - Level 5.0 Evocations


You had 29 spell levels left.
You knew the following spells:

 Your Spells              Type           Power      Damage    Failure   Level
a - Magic Dart            Conj           100%       1d8       0%          1
b - Searing Ray           Conj           100%       2d8       0%          2
c - Iskenderun's Mystic   Conj/Tloc      100%       2d19      1%          4
d - Apportation           Tloc           100%       N/A       0%          1
e - Plasma Beam           Fire/Air       43%        2x1d41    1%          5
f - Freezing Cloud        Conj/Ice/Air   47%        6-21      1%          5

Your spell library contained the following spells:

 Spells                   Type           Power      Damage    Failure   Level
 Static Discharge         Conj/Air       100%       2-7/arc   0%          2
 Beastly Appendage        Tmut           92%        N/A       1%          1
 Freeze                   Ice            100%       1d10      1%          1
 Sting                    Tmut/Pois      100%       1d8       1%          1
 Summon Small Mammal      Summ           100%       N/A       1%          1
 Poisonous Vapours        Pois/Air       100%       N/A       1%          2
 Wereblood                Tmut           46%        N/A       1%          2
 Call Canine Familiar     Summ           46%        N/A       1%          3
 Dazzling Flash           Conj/Hex       100%       N/A       1%          3
 Frozen Ramparts          Ice            100%       1d16      1%          3
 Hailstorm                Conj/Ice       98%        3d19      1%          3
 Ignite Poison            Fire/Tmut/Pois 63%        N/A       1%          3
 Kindle Blastsparks       Fire/Tloc/Air  100%       2d18      1%          3
 Spider Form              Tmut/Pois      46%        N/A       1%          3
 Summon Guardian Golem    Hex/Summ       46%        N/A       1%          3
 Vhi's Electric Charge    Tloc/Air       100%       N/A       1%          3
 Fulminant Prism          Conj/Hex       44%        3d19      1%          4
 Arcjolt                  Conj/Air       50%        1d60      1%          5
 Olgreb's Toxic Radiance  Pois           46%        N/A       4%          4
 Alistair's Intoxication  Tmut/Pois      30%        N/A       11%         5
 Simulacrum               Ice/Necr       31%        N/A       26%         6
 Maxwell's Capacitive Co  Air            42%        ∞         91%         8
 Polar Vortex             Ice            38%        N/A       100%        9


Dungeon Overview and Level Annotations

Branches:
Dungeon (14/15)            Temple (1/1) D:4            Lair (5/5) D:8
  Swamp (0/4) Lair:3        Snake (0/4) Lair:3        Slime (0/5) Lair:4
    Orc (2/2) D:10            Elf (1/3) Orc:2         Sewer (visited)
  IceCv (visited)
 Vaults: D:13-14

Altars:
Ashenzari
Cheibriados
Dithmenos
Elyvilon
Fedhas
Gozag
Hepliaklqana
Kikubaaqudgha
Makhleb
Nemelex Xobeh
Okawaru
Qazlal
Ru
Sif Muna
Trog
Uskayaw
Vehumet
Wu Jian
Xom
Yredelemnul
Zin
The Shining One
Jiyva

Shops:
D:5 *   D:7 :   D:10 !*   Orc:1 *   Orc:2 :*=*![(?

Annotations:
D:3 2 transporters, soepkip's ghost, amateur TeAE
D:12 2 transporters, CryoSword's ghost, journeyman SpEn


Message History

The deep elf zephyrmancer slams into the rock wall!
The deep elf zephyrmancer is moderately wounded.
You hear a shout!
The deep elf zephyrmancer mumbles some strange words.
The deep elf zephyrmancer blinks!
A deep elf zephyrmancer comes into view.
It is wielding a +0 dagger.
You shoot a bolt.
The bolt misses the deep elf pyromancer.
The bolt hits the deep elf zephyrmancer!
The deep elf zephyrmancer is severely wounded.
Casting: Iskenderun's Mystic Blast (safe; 1% risk of failure)
Confirm with . or Enter, or press ? or * to list all spells.
You erupt in a blast of force!
The mystic blast hits the deep elf pyromancer.
The deep elf pyromancer is moderately wounded.
The deep elf pyromancer is knocked back by the mystic blast.
The deep elf pyromancer casts a spell.
The deep elf pyromancer blinks!
Unknown command.
You shoot a bolt.
The bolt hits the deep elf zephyrmancer!!!
You kill the deep elf zephyrmancer!
Cheibriados appreciates the change of pace.
You hear a splash. x2
You shoot a bolt.
The bolt hits the deep elf zephyrmancer!!
The deep elf zephyrmancer is heavily wounded.
The deep elf zephyrmancer casts a spell at you.
The bolt of lightning hits you!
You hear a shout!
You shoot a bolt.
The bolt hits the deep elf zephyrmancer!
The deep elf zephyrmancer is almost dead.
The deep elf zephyrmancer gestures at you while chanting.
The bolt of lightning hits you!!
The deep elf pyromancer gestures at you while chanting.
The bolt of fire hits you!
The deep elf pyromancer gestures at you while chanting.
The bolt of fire hits you!!
You die...

#..~~~~~..#
#~~~~~~~e~#
#~~~~~~§§~#
#~~~~)e§~~#
#..~~~§§..#
#.........#
#.........#
#...@...#
##.....##
#######


You could see a deep elf zephyrmancer.

Vanquished Creatures
  Gastronok (Lair:1)
  Kirke (D:13)
  A reaper (IceCv)
  3 orc warlords
  8 hydras
  5 catoblepae
  5 ogre magi (Orc:2)
  17 two-headed ogres
  A death knight (D:14)
  A boulder beetle (Lair:1)
  Erica (Lair:2)
  5 centaur warriors (D:13)
  7 death yaks (Lair:5)
  A tengu warrior (D:13)
  2 skysharks
  2 bog bodies (Lair:3)
  A swamp dragon (shapeshifter) (D:8)
  A deep elf zephyrmancer (Elf:1)
  A deep elf pyromancer (D:14)
  A shining eye (shapeshifter) (D:14)
  An oklob plant (Lair:2)
  5 ugly things
  3 orc sorcerers
  2 cyclopes
  5 manticores
  Maurice (D:8)
  3 black mambas
  Joseph (D:7)
  8 elephants
  A torpor snail (Lair:5)
  3 rime drakes
  A kobold demonologist (D:12)
  12 komodo dragons
  A freezing wraith (IceCv)
  8 cane toads
  9 ice devils
  An efreet (D:14)
  4 polar bears
  11 trolls
  9 blink frogs
  A dream sheep (Lair:3)
  A hornet (D:9)
  Sigmund (D:6)
  3 spriggans (Lair:3)
  A shadow (D:10)
  2 wraiths (D:13)
  6 wyverns
  3 basilisks
  65 yaks
  3 hogs (D:13)
  A human (shapeshifter) (D:14)
  12 vampire mosquitoes
  A steam dragon (D:6)
  A death yak simulacrum (IceCv)
  Menkaure (D:6)
  A swamp worm (Lair:3)
  2 nagas (Lair:3)
  3 wargs
  An acid dragon (D:10)
  21 water moccasins
  3 black bears
  21 orc warriors
  A sky beast (D:8)
  3 ice beasts
  10 wolves
  29 ogres
  5 boggarts (D:14)
  4 phantoms
  10 centaurs
  5 kobold brigands
  13 bullfrogs
  A gnoll sergeant (D:4)
  A cane toad simulacrum (IceCv)
  5 scorpions
  4 two-headed ogre simulacra (IceCv)
  10 wights
  An elephant simulacrum (IceCv)
  6 killer bees (D:7)
  5 electric eels
  7 howler monkeys
  8 hounds
  3 jellies
  18 orc priests
  5 gnoll boudas
  4 iguanas
  21 orc wizards
  A sleepcap (D:4)
  6 hell rats (Lair:2)
  A spriggan simulacrum (IceCv)
  A troll simulacrum (IceCv)
  2 polar bear simulacra (IceCv)
  3 wolf simulacra (IceCv)
  20 gnolls
  12 adders
  2 naga simulacra (IceCv)
  A shadow imp (D:4)
  2 white imps
  5 ufetubi
  2 worms
  5 dart slugs
  86 orcs
  10 bats
  19 endoplasms
  7 giant cockroaches
  4 goblins
  4 hobgoblins
  11 jackals
  27 kobolds
  12 quokkas
  10 ball pythons
  13 frilled lizards
  6 rats
  A butterfly (Lair:5)
760 creatures vanquished.

Vanquished Creatures (collateral kills)
  A two-headed ogre (D:12)
  A boulder beetle (D:12)
2 creatures vanquished.

Vanquished Creatures (others)
  A human (D:13)
  An ogre (Orc:2)
  64 fungi
  141 plants
207 creatures vanquished.

Grand Total: 969 creatures vanquished

Notes
Turn   | Place    | Note
-------+----------+-------------------------------------------
     0 | D:1      | Ijustatesigmund the Deep Elf Conjurer began the quest for
                  | the Orb.
     0 | D:1      | Reached XP level 1. HP: 10/10 MP: 6/6
   314 | D:1      | Reached XP level 2. HP: 15/15 MP: 5/8
   343 | D:1      | Learned a level 2 spell: Searing Ray
   726 | D:1      | Reached skill level 4 in Spellcasting
  1185 | D:1      | Reached XP level 3. HP: 19/19 MP: 7/10
  1336 | D:2      | Reached skill level 5 in Conjurations
  2413 | D:3      | Reached XP level 4. HP: 11/24 MP: 5/12
  2584 | D:3      | Found a transporter.
  2589 | D:3      | Noticed soepkip's ghost (amateur TeAE)
  2589 | D:3      | Noticed an ogre
  2590 | D:3      | Found a transporter.
  2689 | D:3      | Noticed an ogre
  2692 | D:3      | Identified the amulet "Giajaor" {Reflect Int+5 SH+5 Stlth-}
  2698 | D:3      | Killed an ogre
  2699 | D:3      | Reached skill level 5 in Spellcasting
  2699 | D:3      | Reached XP level 5. HP: 2/28 MP: 5/15
  2814 | D:3      | Learned a level 4 spell: Iskenderun's Mystic Blast
  3394 | D:3      | Found a shimmering blue altar of Sif Muna.
  3598 | D:4      | Found a hazy altar of Hepliaklqana.
  3626 | D:4      | Reached skill level 1 in Translocations
  3642 | D:4      | Reached skill level 1 in Fighting
  3642 | D:4      | Reached XP level 6. HP: 34/34 MP: 8/16
  3656 | D:4      | Found a burning altar of Makhleb.
  3810 | D:4      | Found a glowing drain.
  3814 | Sewer    | Entered a sewer
  4476 | Sewer    | Reached XP level 7. HP: 23/40 MP: 11/17
  4992 | D:4      | Identified the +4 robe "Foxovo" {Harm rN+ Will-}
  5187 | D:4      | Reached skill level 6 in Spellcasting
  5527 | D:4      | Found a white marble altar of Elyvilon.
  5743 | D:4      | Found a bloodstained altar of Trog.
  5866 | D:4      | Found a staircase to the Ecumenical Temple.
  5873 | Temple   | Entered the Ecumenical Temple
  6091 | Temple   | Became a worshipper of Cheibriados the Contemplative
  6196 | D:4      | Reached skill level 1 in Invocations
  6535 | D:5      | Entered Level 5 of the Dungeon
  6559 | D:5      | Found Ukofril's CLEARANCE SALE!.
  6566 | D:5      | Reached XP level 8. HP: 44/44 MP: 9/20
  7047 | D:5      | Reached skill level 7 in Spellcasting
  7049 | D:5      | Reached * piety under Cheibriados
  7628 | D:6      | Noticed a two-headed ogre
  7916 | D:6      | Reached skill level 5 in Translocations
  8524 | D:6      | Noticed Sigmund
  8526 | D:6      | Reached skill level 8 in Spellcasting
  8539 | D:6      | Found a hide-covered altar of Uskayaw.
  8691 | D:6      | Killed a two-headed ogre
  8692 | D:6      | Reached XP level 9. HP: 48/48 MP: 4/23
  8965 | D:6      | Found a glowing golden altar of the Shining One.
  8966 | D:6      | Found a shadowy altar of Dithmenos.
  8966 | D:6      | Found a shimmering altar of Xom.
  8967 | D:6      | Found a radiant altar of Vehumet.
  8967 | D:6      | Found a basalt altar of Yredelemnul.
  8969 | D:6      | Found a blossoming altar of Fedhas.
  9025 | D:6      | Noticed Menkaure
  9031 | D:6      | Killed Menkaure
  9164 | D:6      | Reached skill level 5 in Invocations
  9268 | D:6      | Killed Sigmund
  9269 | D:6      | Reached skill level 1 in Ranged Weapons
  9269 | D:6      | Reached skill level 9 in Spellcasting
  9337 | D:6      | Reached ** piety under Cheibriados
 10493 | D:7      | Reached *** piety under Cheibriados
 10776 | D:7      | Reached XP level 10. HP: 53/53 MP: 16/25
 11369 | D:7      | Reached skill level 1 in Armour
 12004 | D:7      | Noticed Joseph
 12007 | D:8      | You fall into a shaft and drop 1 floor!
 12311 | D:8      | Noticed Maurice
 12323 | D:8      | Killed Maurice
 12323 | D:8      | Reached **** piety under Cheibriados
 12561 | D:8      | Noticed a salamander
 12603 | D:8      | Noticed a black mamba
 12750 | D:8      | Noticed an elephant
 12898 | D:9      | Killed an elephant
 12901 | D:9      | Reached skill level 10 in Spellcasting
 13325 | D:8      | Found a staircase to the Lair.
 13543 | D:8      | Noticed a swamp dragon
 13553 | D:8      | Killed a swamp dragon
 13776 | D:7      | Killed Joseph
 13937 | D:7      | Found Finomeiq's Vocational Training.
 14217 | D:9      | Reached XP level 11. HP: 60/60 MP: 22/27
 14795 | D:9      | Reached ***** piety under Cheibriados
 15176 | D:9      | Reached skill level 5 in Ranged Weapons
 15620 | D:10     | Entered Level 10 of the Dungeon
 15835 | D:10     | Reached skill level 11 in Spellcasting
 15835 | D:10     | Reached skill level 10 in Conjurations
 15982 | D:10     | Learned a level 1 spell: Apportation
 15988 | D:10     | Learned a level 5 spell: Plasma Beam
 16473 | D:10     | Found Dipopics's Serpentskin Sales.
 16477 | D:10     | Reached skill level 1 in Fire Magic
 16531 | D:10     | Reached skill level 1 in Air Magic
 16780 | D:10     | Found a staircase to the Orcish Mines.
 17068 | D:10     | Found Uqagrim's Distillery.
 17073 | D:10     | Bought a potion of magic for 88 gold pieces
 17073 | D:10     | Bought a potion of invisibility for 88 gold pieces
 17073 | D:10     | Bought a potion of heal wounds for 55 gold pieces
 17434 | D:11     | Noticed a brown ugly thing
 17446 | D:11     | Killed a brown ugly thing
 17447 | D:11     | Reached skill level 1 in Evocations
 17764 | D:11     | Reached XP level 12. HP: 53/66 MP: 14/29
 18291 | D:11     | Found a sacrificial altar of Ru.
 18363 | D:11     | Learned a level 5 spell: Freezing Cloud
 18419 | D:11     | Reached skill level 5 in Dodging
 18431 | D:11     | Reached skill level 1 in Ice Magic
 18835 | D:12     | Noticed a two-headed ogre
 18836 | D:12     | Noticed a boulder beetle
 18846 | D:12     | Killed a boulder beetle
 18848 | D:12     | Killed a two-headed ogre
 19025 | D:12     | Found a transporter.
 19027 | D:12     | Found a transporter.
 19030 | D:12     | Noticed CryoSword's ghost (journeyman SpEn)
 19491 | D:12     | Reached ****** piety under Cheibriados
 19993 | D:13     | Noticed a six-headed hydra
 20001 | D:13     | Killed a six-headed hydra
 20148 | D:13     | Noticed a centaur warrior
 20150 | D:13     | Killed a centaur warrior
 20176 | D:13     | Noticed a seven-headed hydra
 20178 | D:13     | Noticed a centaur warrior
 20184 | D:13     | Killed a seven-headed hydra
 20184 | D:13     | Killed a centaur warrior
 20185 | D:13     | Reached skill level 5 in Evocations
 20199 | D:13     | Reached skill level 10 in Invocations
 20199 | D:13     | Found a frozen archway.
 20246 | D:13     | Noticed a centaur warrior
 20249 | IceCv    | Entered an ice cave
 21839 | IceCv    | Noticed a reaper
 21845 | IceCv    | Killed a reaper
 23699 | D:13     | Noticed a centaur warrior
 23701 | D:13     | Killed a centaur warrior
 23702 | D:13     | Reached XP level 13. HP: 39/70 MP: 19/30
 23815 | D:13     | Reached skill level 5 in Fire Magic
 23932 | D:13     | Noticed Kirke
 23942 | D:13     | Killed Kirke
 24136 | D:13     | Reached skill level 12 in Spellcasting
 24359 | D:13     | Reached skill level 5 in Air Magic
 25701 | D:14     | Identified the +1 quarterstaff "Vyonusm" {heavy, rF+ Will+}
 25701 | D:14     | Identified the +1 plate armour of Patience {Str+2}
 25984 | Lair:1   | Entered Level 1 of the Lair of Beasts
 25984 | Lair:1   | Noticed Gastronok
 25992 | Lair:1   | Killed Gastronok
 26184 | Lair:1   | Found a hide-covered altar of Uskayaw.
 26184 | Lair:1   | Found an ornate altar of the Wu Jian Council.
 27482 | Lair:2   | Noticed Erica
 27585 | Lair:2   | Killed Erica
 29153 | Lair:3   | Reached skill level 5 in Stealth
 29153 | Lair:3   | Reached XP level 14. HP: 55/76 MP: 4/32
 29192 | Lair:3   | Reached skill level 5 in Fighting
 30296 | Lair:3   | Found a staircase to the Snake Pit.
 30303 | Lair:3   | Reached skill level 13 in Spellcasting
 30695 | Lair:3   | Identified the +4 hand axe "Belyiw" {elec, rElec}
 30947 | Lair:3   | Found a staircase to the Swamp.
 31883 | Lair:4   | Found a viscous altar of Jiyva.
 31889 | Lair:4   | Found a staircase to the Slime Pits.
 32214 | Lair:5   | Entered Level 5 of the Lair of Beasts
 32477 | Lair:5   | Reached skill level 14 in Spellcasting
 33490 | Lair:5   | Reached skill level 10 in Ranged Weapons
 34505 | Lair:5   | Reached skill level 15 in Spellcasting
 36055 | Lair:5   | Reached XP level 15. HP: 82/82 MP: 18/36
 36730 | Orc:1    | Entered Level 1 of the Orcish Mines
 37255 | Orc:1    | Found Carphacs's Gadget Gallery.
 37487 | Orc:2    | Entered Level 2 of the Orcish Mines
 37487 | Orc:2    | Found a staircase to the Elven Halls.
 37750 | Orc:2    | Found Suigynge's Magic Scroll Boutique.
 37760 | Orc:2    | Reached skill level 16 in Spellcasting
 38359 | Orc:2    | Paralysed by an orc sorcerer for 3 turns
 38897 | Orc:2    | Bought a scroll of acquirement for 520 gold pieces
 38897 | Orc:2    | Bought a scroll of teleportation for 30 gold pieces
 38899 | Orc:2    | Acquired the +3 pair of gauntlets of War {Slay+5}
 38899 | Orc:2    | Found the +3 pair of gauntlets of War {Slay+5}
 38990 | Orc:2    | Paralysed by an ogre mage for 2 turns
 39181 | Orc:2    | Found Meme's Weapon Emporium.
 39295 | Orc:2    | Found Uvvuetef's Distillery.
 39304 | Orc:2    | Bought a potion of heal wounds for 60 gold pieces
 39304 | Orc:2    | Bought a potion of heal wounds for 60 gold pieces
 39304 | Orc:2    | Bought a potion of heal wounds for 60 gold pieces
 39363 | Orc:2    | Found Salluitu's Assorted Antiques.
 39363 | Orc:2    | Found Zohocu Hido's Assorted Antiques.
 39364 | Orc:2    | Found Wekumud's Book Shop.
 39364 | Orc:2    | Found Hagech's Jewellery Shoppe.
 39403 | Orc:2    | Found Ofaph's Armour Boutique.
 39731 | D:7      | Bought a manual of Invocations for 1040 gold pieces
 39819 | Elf:1    | Entered Level 1 of the Elven Halls
 39830 | Elf:1    | Killed from afar by a deep elf pyromancer

Illustrated notes

Levels and vault maps discovered:
D:1:      amcnicky_arrival_blooded_trapdoor, layout_rooms,
          chequers_serial_rivers_micro_e
D:2:      layout_basic, serial_curves, eino_curves_02, eino_curves_03
D:3:      layout_loops_corners, lemuel_blue_sif_altar, gammafunk_ghost_smash,
          grunt_decor_resistance
D:4:      layout_rooms, mainiacjoe_overflow_24_doors, trog_three_pillars_becter,
          bloody_makhleb, nzn_hepliaklqana_mist_gate,
          minmay_temple_entry_metal_lava, gup_sewer_entry_spiral,
          minmay_quantized
D:5:      layout_basic, nicolae_shop_clearance
D:6:      layout_loops_ring, grunt_temple_overflow_octagram,
          lightli_corner_chamber, uniq_menkaure, uniq_sigmund
D:7:      layout_loops_corners, minmay_misc_feat_tiny, palyth_stone_intersect,
          nicolae_shop_vocational, uniq_joseph
D:8:      layout_loops_ring, david_lair_generic, kennysheep_island_fort,
          uniq_maurice
D:9:      layout_basic
D:10:     layout_cave_pods, orc_david_3, serial_shops,
          nicolae_shop_hallway_stairs, guppyfry_shop_venom
D:11:     old_forge, layout_irregular_city, serial_glass, glass_columns_a,
          glass_columns_b, nicolae_ru_awakened_eye
D:12:     layout_long_grid, gammafunk_ghost_hive
D:13:     layout_small_grid, portal_ice_cave_demonic_guard, uniq_kirke
D:14:     minmay_the_grid_triangle_9x9_line_8_mashed
          [minmay_the_grid_triangle_9x9_negative_grid,
          minmay_the_grid_triangle_9x9_limited_checkers,
          minmay_the_grid_triangle_9x9_alien,
          minmay_the_grid_triangle_9x9_minimal,
          minmay_the_grid_triangle_9x9_shrine,
          minmay_the_grid_triangle_9x9_from_above,
          minmay_the_grid_triangle_9x9_sparse_checkered,
          minmay_the_grid_triangle_9x9_prize_schism], layout_loops_ring,
          erik_vaults_2, vehumet_crystals
Temple:   dpeg_chambers_temple
Lair:1:   layout_misc_corridors, nzn_masters_of_martial_movement, uniq_gastronok
Lair:2:   layout_cave_shapes, grunt_megastairs_4, infiniplex_staircase_pool,
          uniq_erica
Lair:3:   wad_woods_settlement, layout_chaotic_city,
          nicolae_swamp_entry_splash_gauntlet, guppyfry_snake_entry_garden,
          nicolae_quartered_pool_impasse
Lair:4:   layout_regular_city, nicolae_slime_entry_slimehenge
Lair:5:   evilmike_catoblepas_cave, layout_gridlike, minivault_23,
          lemuel_fruit_fields, lemuel_fruit_tree
Orc:1:    layout_caves, nicolae_shop_gadgets
Orc:2:    st_orc_ogre_mass, layout_caves, serial_shops,
          nicolae_shop_bloodbath_and_beyond, nicolae_lakefront_shop,
          nicolae_diamond_shop, nicolae_shop_stone
Elf:1:    eino_elf_arrival_sip, layout_loops_corners, serial_shops, shop,
          infiniplex_enter_wizlab_glasses, hangedman_elf_disciples, st_stairs_9,
          feat_on_display

Skill      XL: |  1  2  3  4  5  6  7  8  9 10 11 12 13 14 15 |
---------------+----------------------------------------------+-----
Spellcasting   | 4 5 6 8 9 10 11 12 15 16 | 16.9
Conjurations   | 5 6 8 9 10 11 12 13 | 13.5
Dodging        | 3 4 7 8 |  8.5
Translocations | 1 3 4 6 7 8 |  8.7
Fighting       | 1 2 3 4 5 |  5.2
Invocations    | 1 4 6 8 10 11 12 13 | 13.4
Ranged Weapons | 3 4 6 10 | 10.2
Armour         | 4 |  4.8
Fire Magic     | 3 4 6 |  6.6
Air Magic      | 3 4 6 |  6.0
Evocations     | 1 5 |  5.0
Ice Magic      | 4 |  4.3
Stealth        | 5 |  5.7

Action                     |  1- 3 |  4- 6 |  7- 9 | 10-12 | 13-15 || total
---------------------------+-------+-------+-------+-------+-------++-------
  Melee: Short sword       |     1 |     2 |    12 |       |       ||    15
   Fire: Shortbow          |       |       |    55 |    58 |       ||   113
         Arbalest          |       |       |       |   236 |   532 ||   768
   Cast: Magic Dart        |    73 |    66 |   128 |     3 |       ||   270
         Searing Ray       |     4 |    12 |    20 |     3 |     2 ||    41
         Iskenderun's Myst |       |     2 |    70 |   151 |   244 ||   467
         Plasma Beam       |       |       |       |    24 |    41 ||    65
         Apportation       |       |       |       |     2 |     3 ||     5
         Freezing Cloud    |       |       |       |       |    33 ||    33
 Invoke: Bend Time         |       |       |       |     4 |     1 ||     5
         Slouch            |       |       |       |     3 |     3 ||     6
  Evoke: Wand              |       |       |       |     9 |    10 ||    19
    Use: Potion            |     1 |       |     1 |     6 |     1 ||     9
         Scroll            |       |    10 |    11 |    15 |    12 ||    48
 Armour: Robe              |       |     5 |     5 |       |       ||    10
         Leather armour    |       |       |       |    53 |     9 ||    62
         Acid dragon scale |       |       |       |       |    43 ||    43
  Dodge: Dodged            |     5 |    33 |    46 |   131 |   326 ||   541
  Block: Other             |       |    11 |    11 |    43 |    78 ||   143
         Reflection        |       |       |       |     8 |     6 ||    14

Table legend: (Time is in decaauts)
 A = Elapsed time spent in this place.
 B = Non-inter-level travel time spent in this place.
 C = Inter-level travel time spent in this place.
 D = Time resting spent in this place.
 E = Time spent auto-exploring this place.
 F = Levels seen in this place.
 G = Mean time per level.
                   A        B        C        D        E       F      G
               +--------+--------+--------+--------+--------+-----+--------+
         Total |  50272 |  47532 |   2740 |  20245 |  21501 |  25 | 2010.9 |
       Dungeon |  26953 |  24977 |   1976 |   9572 |  12690 |  14 | 1925.2 |
        Temple |    252 |    218 |     34 |      0 |    194 |   1 |  252.0 |
          Lair |  14399 |  13819 |    580 |   5549 |   6739 |   5 | 2879.8 |
  Orcish Mines |   3781 |   3632 |    149 |   1413 |   1537 |   2 | 1890.5 |
   Elven Halls |     13 |     13 |      0 |      0 |      0 |   1 |   13.0 |
         Sewer |   1185 |   1185 |      0 |    705 |    340 |   1 | 1185.0 |
      Ice Cave |   3686 |   3686 |      0 |   3005 |      0 |   1 | 3686.0 |
               +--------+--------+--------+--------+--------+-----+--------+

Top non-repeatable levels by time:
  Lair:5: 4014 daAuts
   IceCv: 3686 daAuts
     D:6: 3220 daAuts
  Lair:4: 3131 daAuts
    D:10: 2794 daAuts
  Lair:3: 2757 daAuts
     D:8: 2748 daAuts
  Lair:2: 2723 daAuts
    D:13: 2483 daAuts
     D:7: 2369 daAuts
   Orc:1: 2271 daAuts
    D:11: 2031 daAuts
    D:12: 2030 daAuts
     D:4: 1820 daAuts
  Lair:1: 1773 daAuts
